 Dungeon Crawl Stone Soup version 0.28.0 (webtiles) character file.

Game seed: 4438324926670233687

37 a3don the Ducker (level 3, 0/25 HPs)
             Began as a Djinni Hedge Wizard on Feb 16, 2022.
             Slain by an adder (4 damage)
             ... on level 1 of the Dungeon.
             The game lasted 00:02:15 (2246 turns).

a3don the Ducker (Djinni Hedge Wizard)              Turns: 2246, Time: 00:02:17

Health: 0/25       AC:  2    Str:  9    XL:     3   Next: 60%
Gold:   51         EV: 12    Int: 17    God:
                   SH:  0    Dex: 12

rFire   + + .      SeeInvis .   a - +0 dagger
rCold   x . .      Faith    .   (no shield)
rNeg    . . .      Spirit   .   b - +0 robe
rPois   ∞          Reflect  .   c - +0 hat
rElec   .          Harm     .   (no cloak)
rCorr   .          Rampage  .   (no gloves)
Will    .....                   (boots unavailable)
Stlth   ++........              (no amulet)
HPRegen 0.08/turn               (no ring)
MPRegen 0.00/turn               (no ring)

@: flying
A: sickness immunity, fire resistance 2, cold vulnerability 1, float, innate
caster, HP casting, extra vitality 1
a: no special abilities


You were on level 1 of the Dungeon.
You visited 1 branch of the dungeon, and saw 2 of its levels.

You collected 51 gold pieces.

Inventory:

Hand Weapons
 a - a +0 dagger (weapon)
Armour
 b - a +0 robe (worn)
 c - a +0 hat (worn)
Scrolls
 d - a scroll of identify {unknown}
 f - a scroll of holy word {unknown}
 g - a scroll of vulnerability {unknown}
Potions
 e - a potion of cancellation {unknown}
 h - a potion of berserk rage {unknown}


   Skills:
 + Level 0.1 Fighting
 + Level 2.9 Dodging
 + Level 2.2 Stealth
 + Level 2.7 Spellcasting


You couldn't memorise any spells.
You knew the following spells:

 Your Spells              Type           Power      Damage    Failure   Level
a - Magic Dart            Conj           44%        1d5       6%          1
b - Shock                 Conj/Air       44%        1d5       6%          1
c - Call Imp              Summ           11%        N/A       9%          2
d - Slow                  Hex            44%        N/A       6%          1
e - Conjure Flame         Conj/Fire      11%        6-21      17%         3
f - Mephitic Cloud        Conj/Pois/Air  11%        N/A       17%         3
g - Blink                 Tloc           22%        N/A       9%          2
Your spell library was empty.

Dungeon Overview and Level Annotations

Branches:
Dungeon (2/15)

Altars:


Innate Abilities, Weirdness & Mutations

You are immune to sickness and miasma.
You are immune to poison.
Your flesh is very heat resistant. (rF++)
You are vulnerable to cold. (rC-)
You float through the air rather than walking.
You learn spells naturally, not from books.
Your magical power is your life essence.
You have superior vitality. (+4 MHP)


Message History

Casting: Shock (safe; 6% risk of failure)
Confirm with . or Enter, or press ? or * to list all spells.
Aiming: Shock (safe; 6% risk of failure)
Press: ? - help, Shift-Dir - straight line The zap misses the adder.
The ball python bites you but does no damage.
The ball python barely misses you. The adder bites you.
You fly upwards.
There is a stone staircase leading down here.
Casting: Shock (safe; 6% risk of failure)
Confirm with . or Enter, or press ? or * to list all spells.
Nothing appears to happen.
The adder bites you. The adder closely misses you.
Unknown command.
Casting: Call Imp (safe; 9% risk of failure)
Confirm with . or Enter, or press ? or * to list all spells.
Nothing appears to happen.
The adder misses you.
Casting: Call Imp (safe; 9% risk of failure)
Confirm with . or Enter, or press ? or * to list all spells.
Aiming: Shock (safe; 6% risk of failure)
Press: ? - help, Shift-Dir - straight line, f - adder
Aim: an adder (48% to hit)
The zap misses the adder.
The zap hits the ball python.
You kill the ball python!
The adder bites you.
Casting: Shock (safe; 6% risk of failure)
Confirm with . or Enter, or press ? or * to list all spells.
Aiming: Shock (safe; 6% risk of failure)
Press: ? - help, Shift-Dir - straight line, f/p - adder
Aim: an adder (48% to hit)
The zap misses the adder.
The adder bites you.
* * * LOW HITPOINT WARNING * * *
Casting: Shock (safe; 6% risk of failure)
Confirm with . or Enter, or press ? or * to list all spells.
Aiming: Shock (safe; 6% risk of failure)
Press: ? - help, Shift-Dir - straight line, f/p - adder
Aim: an adder (48% to hit)
The zap misses the adder.
* * * LOW HITPOINT WARNING * * *
The adder closely misses you. The adder bites you.
You die...

# ##....##....##.# #.#.#.#.#
#....##....##.# #.#.#.#..
#....##....##.# #.#.#.### #####
#######....##.#####.#.#....
....##### #..............#.#####
........# #.######.....#.#.#....
........# #.............##.###.#
........####..####.+''+++.......#
...............S@#.+....+...#####
.........###.#####.+.<..+........
####..##.# #.....#.+....+..######
..###.##.# #####...+....+.......#
..# #..#.# #.#.++++++#..###.# ..#
##.#.# #.###(....#..# #.#
..####...#######...)........###.#
..#.............########......#.#
..#.............# #......#.#


You could see an adder.

Vanquished Creatures
  A giant cockroach (D:1)
  3 goblins
  2 hobgoblins (D:1)
  6 jackals (D:1)
  3 quokkas (D:1)
  3 ball pythons (D:1)
  6 bats (D:1)
  4 frilled lizards (D:1)
  3 kobolds (D:1)
  3 rats (D:1)
34 creatures vanquished.

Vanquished Creatures (collateral kills)
  A jackal (D:1)
1 creature vanquished.

Grand Total: 35 creatures vanquished

Notes
Turn   | Place    | Note
-------+----------+-------------------------------------------
     0 | D:1      | a3don the Djinni Hedge Wizard began the quest for the Orb.
     0 | D:1      | Reached XP level 1. HP: 15/15 MP: 0/0
   230 | D:1      | Reached XP level 2. HP: 16/21 MP: 0/0
  1054 | D:1      | Reached XP level 3. HP: 15/25 MP: 0/0
  1054 | D:1      | Learned a level 1 spell: Shock
  2246 | D:1      | Slain by an adder

Illustrated notes

Levels and vault maps discovered:
D:1:      lightli_arrival_maybe_door_vault, layout_basic,
          chequers_serial_rivers_micro_a
D:2:      layout_loops_ring, serial_shops, nicolae_square_shop,
          grunt_ministairs_1

Skill      XL: |  1  2 |
---------------+-------+-----
Stealth        | 2 |  2.2
Fighting       | |  0.1
Dodging        | |  2.9
Spellcasting   | |  2.7

Action                   || total
-------------------------++-------
Melee: Dagger            ||     2
 Cast: Magic Dart        ||    55
       Shock             ||    17
       Call Imp          ||     3
 Stab: Sleeping          ||     1
Armor: Robe              ||     8
Dodge: Dodged            ||    25
